[Event "Live Chess"]
[Site "Chess.com"]
[Date "2023.05.20"]
[Round "-"]
[White "mliszewski"]
[Black "luckywookie"]
[Result "1-0"]
[WhiteElo "1899"]
[BlackElo "729"]
[TimeControl "300"]
[EndTime "11:32:45 PDT"]
[Termination "mliszewski won by checkmate"]

1. d4 d5 2. Bf4 c5 3. e4 dxe4 4. d5 Nf6 5. Nc3 e6 6. Bb5+ Bd7 7. dxe6 Bxb5 8. exf7+ Ke7 9. Qxd8+ Kxd8 10. Nxb5 Nc6 11.
O-O-O+ Ke7 12. Nc7 Rd8 13. Rxd8 Nxd8 14. Ne2 Kxf7 15.
Nc3 Ne6 16. Nxe6 Kxe6 17. Re1 h6 18. Nxe4 Nxe4 19. Rxe4+ Kf5 20. Rc4 Be7 21. Be3 b6 22. Rf4+ Kg6 23. g3 Rd8 24. h4 Kh7 25. h5 g6 26.
Rf7+ Kg8 27. Rxe7 gxh5 28. Bxh6 a5 29. Rg7+ Kh8 30. Rg6 Kh7 31. Rxb6 Re8 32. Be3 Rf8 33.
Rh6+ Kg7 34. Rxh5 Kg6 35. Rxc5 Rf3 36. Rg5+ Kf6 37. Rg4 Ke6 38. Rf4 Rxf4 39. Bxf4 Kf5 40. Kd2 Ke4 41. Kc3 Kf3 42. Be3 Ke2 43. Kb3 Kd1 44.
c4 Ke2 45. c5 Kd3 46. c6 Ke4 47. c7 Kf3 48. c8=Q Ke2 49. Qg4+ Kd3 50. Qd1+ Ke4 51. Kc4 Kf5 52. Qh5+ Ke4 53. Qg4+ Ke5 54. Qf4+ Ke6 55. Bd4 a4 56. Qf6+ Kd7 57. Bc5 a3 58. Qd6+ Kc8 59.
Bb6 Kb7 60. Qc7+ Ka6 61. Qa7# 1-0

[Event "Live Chess"]
[Site "Chess.com"]
[Date "2023.05.20"]
[Round "-"]
[White "f4nomore"]
[Black "lucaskk818"]
[Result "0-1"]
[WhiteElo "1360"]
[BlackElo "1896"]
[TimeControl "300"]
[EndTime "11:32:46 PDT"]
[Termination "lucaskk818 won on time"]

1. d4 Nf6 2. Bg5 e6 3. e3 c5 4.
c3 Be7 5. Ne2 Qb6 6. Qc2 cxd4 7.
Nxd4 Nc6 8. Nxc6 bxc6 9. Be2 Rb8 10. b4 a5 11. a3 axb4 12. axb4 O-O 13. O-O d5 14.
Nd2 Re8 15. Nf3 Ne4 16. Bxe7 Rxe7 17. Nd4 c5 18. bxc5 Qxc5 19. Rfc1 Reb7 20. f3 Rb2 21. Qd3 Nd6 22. h3 Nc4 23. Kh2 g6 24. f4 Qc7 25.
Rc2 e5 26. Rxb2 Nxb2 27. Qc2 exd4 28. exd4 Qxf4+ 29. Kh1 Bf5 30. Qc1 Qg3 31. Bg4 Be4 32. Qg1 Nd3 33. Rf1 Rb1 34. Qh2 Rxf1+ 0-1

[Event "Live Chess"]
[Site "Chess.com"]
[Date "2023.05.20"]
[Round "-"]
[White "PantherCal"]
[Black "Reggie016"]
[Result "1-0"]
[WhiteElo "1814"]
[BlackElo "1116"]
[TimeControl "300"]
[EndTime "11:32:49 PDT"]
[Termination "PantherCal won by resignation"]

1. e4 e6 2. d4 d5 3. exd5 exd5 4. Bd3 c5 5. Nf3 c4 6. Be2 Nc6 7. b3 b5 8. a4 Bb4+ 9. Bd2 bxa4 10. Rxa4 Bxd2+ 11. Qxd2 cxb3 12. Bb5 Bd7 13. O-O bxc2 14.
Qxc2 Rc8 15. Re1+ Nge7 16. Qa2 O-O 17. Bxc6 Bxc6 18. Rxa7 Qb6 19. Raxe7 1-0

[Event "Live Chess"]
[Site "Chess.com"]
[Date "2023.05.20"]
[Round "-"]
[White "flyingpuffins"]
[Black "raminguy"]
[Result "0-1"]
[WhiteElo "1968"]
[BlackElo "1978"]
[TimeControl "300"]
[EndTime "11:32:52 PDT"]
[Termination "raminguy won by resignation"]

1. e4 e5 2. Nc3 Nc6 3. Bc4 Nf6 4. d3 Na5 5. Bb3 Nxb3 6. axb3 a6 7. Nge2 Bc5 8. O-O h6 9. d4 exd4 10. Nxd4 d6 11. Be3 O-O 12. h3 Re8 13. f3 d5 14.
exd5 Rxe3 0-1

[Event "Live Chess"]
[Site "Chess.com"]
[Date "2023.05.20"]
[Round "-"]
[White "HoarseyHorsey"]
[Black "onemoretime1975"]
[Result "0-1"]
[WhiteElo "1370"]
[BlackElo "1919"]
[TimeControl "300"]
[EndTime "11:33:02 PDT"]
[Termination "onemoretime1975 won by resignation"]

1. d4 d5 2. c4 e6 3. Nc3 Nf6 4.
cxd5 exd5 5. Bg5 c6 6. e3 Be7 7. Nf3 Bf5 8. Bd3 Bxd3 9. Qxd3 Nbd7 10. O-O O-O 11. Rfe1 h6 12. Bh4 Re8 13. e4 dxe4 14. Nxe4 Nxe4 15. Rxe4 Bxh4 16. Rxh4 Qf6 17. Re4 Qd6 18.
Rae1 Nf6 19. Rxe8+ Rxe8 20. Rxe8+ Nxe8 21. Qc4 Nf6 22. Ne5 Nd5 23. g3 f6 24. Nf3 Qe6 25. Kf1 Ne3+ 26.
fxe3 Qxc4+ 0-1

[Event "Live Chess"]
[Site "Chess.com"]
[Date "2023.05.20"]
[Round "-"]
[White "bedsdrout"]
[Black "Ocelot32"]
[Result "0-1"]
[WhiteElo "378"]
[BlackElo "1428"]
[TimeControl "300"]
[EndTime "11:33:08 PDT"]
[Termination "Ocelot32 won by checkmate"]

1. e4 e6 2. Bc4 d5 3. Bb3 dxe4 4. Qh5 Nf6 5. Qh4 Be7 6. d3 exd3 7. Bg5 dxc2 8. Nd2 Nbd7 9. Bxf6 Nxf6 10. Ne4 Nxe4 11.
Qh5 Qd2+ 12. Kf1 Qxf2# 0-1

[Event "Live Chess"]
[Site "Chess.com"]
[Date "2023.05.20"]
[Round "-"]
[White "BostonStrangler"]
[Black "zdanevych"]
[Result "1-0"]
[WhiteElo "2048"]
[BlackElo "1526"]
[TimeControl "300"]
[EndTime "11:33:16 PDT"]
[Termination "BostonStrangler won by resignation"]

1. Nf3 d5 2. g3 c5 3. Bg2 Nc6 4. O-O e5 5. d3 h6 6. c4 d4 7. b4 Nf6 8. b5 Ne7 9. Nxe5 Be6 10. Bxb7 Rb8 11. Bg2 g6 12. Nc6 Bg7 13. Nxd8 1-0

[Event "Live Chess"]
[Site "Chess.com"]
[Date "2023.05.20"]
[Round "-"]
[White "hturner40"]
[Black "Bob2pen"]
[Result "0-1"]
[WhiteElo "1813"]
[BlackElo "1769"]
[TimeControl "300"]
[EndTime "11:33:21 PDT"]
[Termination "Bob2pen won by resignation"]

1. Nf3 Nf6 2. g3 g6 3. Bg2 Bg7 4. O-O O-O 5. Re1 d5 6. d3 c5 7.
Nbd2 Nc6 8. e4 dxe4 9. Nxe4 Nxe4 10. Rxe4 Bf5 11. Re1 Re8 12. Nh4 Be6 13. Rb1 Bxa2 14. Ra1 Bd5 15. c3 Bxg2 16. Nxg2 b6 17. Bg5 Ne5 18.
d4 cxd4 19. cxd4 Qxd4 20. Qxd4 Nf3+ 21. Kh1 Bxd4 22. Red1 Bxb2 23. Ra2 Bf6 24. Bh6 Red8 25. Rf1 a5 26. Nh4 Nxh4 27. gxh4 b5 28. Bf4 a4 0-1

[Event "Live Chess"]
[Site "Chess.com"]
[Date "2023.05.20"]
[Round "-"]
[White "ReceptiveCamel"]
[Black "wadsy27"]
[Result "0-1"]
[WhiteElo "626"]
[BlackElo "2589"]
[TimeControl "300"]
[EndTime "11:33:23 PDT"]
[Termination "wadsy27 won by checkmate"]

1. e4 e6 2. d4 d5 3. e5 c5 4. dxc5 Nc6 5. Bb5 Bxc5 6. Bxc6+ bxc6 7.
Nf3 Ne7 8. Bg5 h6 9. Bxe7 Qxe7 10. Nbd2 Ba6 11. Qc1 g5 12. c3 g4 13. Nd4 Qg5 14.
h4 Qxe5+ 15. Kd1 Bxd4 16. cxd4 Qe2+ 17. Kc2 c5 18. dxc5 Rc8 19. b4 d4 20. Re1 Qxf2 21.
Rg1 O-O 22. Qf1 Bxf1 23. Rgxf1 Qxg2 24. Rg1 d3+ 25. Kxd3 Rfd8+ 26. Kc2 Qxd2+ 27. Kb3 Rd3+ 28. Ka4 Rb8 29. Rxg4+ Kf8 30. b5 Qc2+ 31. Ka5 Ra3+ 32. Kb4 Qa4# 0-1

[Event "Live Chess"]
[Site "Chess.com"]
[Date "2023.05.20"]
[Round "-"]
[White "diana21strabt"]
[Black "Rusty_Bridges"]
[Result "0-1"]
[WhiteElo "1692"]
[BlackElo "1420"]
[TimeControl "300"]
[EndTime "11:33:27 PDT"]
[Termination "Rusty_Bridges won by checkmate"]

1. e4 d6 2. d4 Nf6 3. Nc3 Nbd7 4. Nf3 e5 5. dxe5 dxe5 6. Bb5 c6 7. Bc4 h6 8. O-O Qc7 9. Re1 Bc5 10. Be3 Bb6 11. a4 O-O 12. b4 Bxe3 13. Rxe3 Ng4 14. Rd3 Nb6 15. Bb3 Be6 16. h3 Bxb3 17. hxg4 Bc4 18. Rd2 Rad8 19. a5 Nc8 20. Qe1 Ne7 21. Rad1 Ng6 22. Rxd8 Rxd8 23. Nd2 Be6 24. g5 hxg5 25. Nf3 Bg4 26. Rxd8+ Qxd8 27. Qe3 Bxf3 28. Qxf3 Nf4 29. g3 Ne6 30. Kg2 Qd4 31. Na2 Qc4 32. Nc1 Qxc2 33. Nd3 Qc3 34. Qe3 Qd4 35. Qf3 b6 36. axb6 axb6 37. Kf1 c5 38. bxc5 bxc5 39. Kg2 c4 40. Nc1 Nc5 41. Ne2 Qxe4 42. Qxe4 Nxe4 43. Kf3 Nd6 44.
Nc3 f6 45. Kg4 Kf7 46. f3 Ke6 47. f4 exf4 48. gxf4 gxf4 49. Kxf4 g5+ 50. Kg4 Ke5 51. Nb5 Nxb5 52. Kf3 c3 53. Ke2 Kd4 54. Kd1 g4 55. Kc2 g3 56. Kd1 g2 57. Kc2 g1=Q 58. Kb3 Qe3 59.
Kc2 Na3+ 60. Kb3 c2+ 61. Kb4 c1=Q 62. Ka4 Nb1 63. Kb5 Qcc3 64. Ka4 Qec1 65. Kb5 Q1b2+ 66.
Ka6 Qca3# 0-1

[Event "Live Chess"]
[Site "Chess.com"]
[Date "2023.05.20"]
[Round "-"]
[White "TobyQuaite"]
[Black "WelshTiger"]
[Result "0-1"]
[WhiteElo "1694"]
[BlackElo "2431"]
[TimeControl "300"]
[EndTime "11:33:58 PDT"]
[Termination "WelshTiger won by resignation"]

1. e4 c5 2. Nf3 d6 3. d4 cxd4 4. Nxd4 Nf6 5. Nc3 Nc6 6. Bb5 Bd7 7. O-O e5 8. Nf5 Bxf5 9. exf5 Be7 10. Nd5 O-O 11.
Nxe7+ Qxe7 12. Bg5 Nd4 13. Bd3 h6 14. Bxf6 Qxf6 15.
c3 Nxf5 16. Qf3 Nh4 17. Qxb7 Rae8 18. f4 exf4 19. g3 Qg5 20. Rxf4 Ng6 21. Bxg6 Qxg6 22. Qg2 Re5 23. Rd1 Rfe8 24. h3 Re2 25. Rf2 R2e3 26. g4 R8e6 27. Rdf1 f6 28. Qd5 Kh8 29. Qf5 Qe8 30.
Rf3 Re2 31. R3f2 R2e5 32. Qc2 Qc6 33. Qd2 Re3 34. Kh2 Qc5 35. Qd4 Qg5 36. Rf3 R3e4 37. Qxa7 Qh4 38. Qf2 Re2 0-1

[Event "Live Chess"]
[Site "Chess.com"]
[Date "2023.05.20"]
[Round "-"]
[White "Ayursworld"]
[Black "Tilbs_12"]
[Result "1-0"]
[WhiteElo "1349"]
[BlackElo "1565"]
[TimeControl "300"]
[EndTime "11:33:59 PDT"]
[Termination "Ayursworld won by resignation"]

1. e4 c6 2. Nf3 d5 3. exd5 cxd5 4. d4 Nc6 5. Nc3 Bg4 6. Bf4 e6 7. Be2 Nge7 8. Nb5 Qa5+ 9. c3 O-O-O 10. Nd6+ Kb8 11.
Nxf7+ 1-0

[Event "Live Chess"]
[Site "Chess.com"]
[Date "2023.05.20"]
[Round "-"]
[White "ClassyChameleon"]
[Black "TheSmoulderingMaster"]
[Result "0-1"]
[WhiteElo "1065"]
[BlackElo "1763"]
[TimeControl "300"]
[EndTime "11:34:01 PDT"]
[Termination "TheSmoulderingMaster won by checkmate"]

1. e4 c5 2. Nc3 Nc6 3. Bc4 e6 4. d3 Nf6 5. Nf3 Be7 6. O-O O-O 7. Bf4 d5 8. exd5 exd5 9. Bb3 Bg4 10. Ne2 Bxf3 11. gxf3 Nh5 12. Bg3 Bd6 13. c4 d4 14.
Ba4 Qg5 15. Qc1 Qg6 16. Bxc6 bxc6 17. f4 Rae8 18. Re1 Nf6 19. Kg2 Qxd3 20. Ng1 Rxe1 21.
Qxe1 Re8 22. Qa5 Qe4+ 23. Nf3 Nh5 24. Re1 f5 25. Rxe4 fxe4 26. Ne5 d3 27. Nxc6 e3 28. fxe3 Rxe3 29. Qd8+ Bf8 30. Bf2 Nxf4+ 31. Kh1 Re2 32. Bg1 d2 33. Bxc5 Re1+ 34. Bg1 d1=Q 35. Qg5 Ne2 36. Ne7+ Bxe7 37. Qxe7 Rxg1# 0-1

[Event "Live Chess"]
[Site "Chess.com"]
[Date "2023.05.20"]
[Round "-"]
[White "GEMdzq"]
[Black "LGC4YOU"]
[Result "1-0"]
[WhiteElo "2203"]
[BlackElo "1185"]
[TimeControl "300"]
[EndTime "11:34:09 PDT"]
[Termination "GEMdzq won by checkmate"]

1. e4 c5 2. d4 Nc6 3. d5 Nb4 4. a3 Na6 5. Nf3 Qa5+ 6. Nc3 g6 7. Bd2 Bg7 8. e5 d6 9. exd6 exd6 10. Bb5+ Bd7 11.
Qe2+ Ne7 12. O-O Bxb5 13. Nxb5 Qd8 14. Rfe1 Bf6 15. Bh6 Bxb2 16. Rab1 Bf6 17. g4 Kd7 18. Bf4 g5 19. Bxd6 Nxd5 20. Qd3 Bd4 21. Nfxd4 cxd4 22. Qxd4 Re8 23. Qxd5 Rxe1+ 24. Rxe1 Kc8 25. Qc4+ Kd7 26.
Qxf7+ Kc6 27. Qc4+ Kd7 28. Qe6+ Kc6 29. Be7+ Kxb5 30.
Rb1+ Ka4 31. Qb3+ Ka5 32. Qb5# 1-0

[Event "Live Chess"]
[Site "Chess.com"]
[Date "2023.05.20"]
[Round "-"]
[White "ViktorTheCoolBoy"]
[Black "Conradical12"]
[Result "1-0"]
[WhiteElo "2543"]
[BlackElo "1537"]
[TimeControl "300"]
[EndTime "11:34:09 PDT"]
[Termination "ViktorTheCoolBoy won by resignation"]

1. d4 Nf6 2. c4 c5 3. Nf3 g6 4. Nc3 Bg7 5. g3 O-O 6. Bg2 Re8 7. O-O d6 8. h3 e6 9. Be3 Nbd7 10. Qd2 a5 11. Rfd1 Qb6 12. dxc5 dxc5 13. Qc2 e5 14. Nb5 e4 15. Ng5 h6 16. Nxe4 Nxe4 17. Bxe4 Nf6 18.
Rd6 Qxd6 19. Nxd6 Re6 20. Nxc8 Rxc8 21. Bxb7 Rb8 22. Bg2 Nh5 23. Rb1 f5 24. Bd5 1-0

[Event "Live Chess"]
[Site "Chess.com"]
[Date "2023.05.20"]
[Round "-"]
[White "mattihelenius2"]
[Black "jk0110"]
[Result "0-1"]
[WhiteElo "490"]
[BlackElo "1079"]
[TimeControl "300"]
[EndTime "11:34:13 PDT"]
[Termination "jk0110 won by checkmate"]

1. d4 Nf6 2. c4 e5 3. dxe5 Ne4 4. Qd4 Nc5 5. Nf3 Nc6 6. Qh4 Be7 7. Qf4 O-O 8. Nc3 d6 9. Be3 Ne6 10. Qf5 Ned4 11.
Bxd4 Bxf5 12. e4 Nxd4 13. Nxd4 Be6 14. Nxe6 fxe6 15. Rd1 Bg5 16. Nb5 a6 17. exd6 cxd6 18. Nxd6 Qa5+ 19. Ke2 Rad8 20. Nxb7 Rd2+ 21. Rxd2 Qxd2# 0-1

[Event "Live Chess"]
[Site "Chess.com"]
[Date "2023.05.20"]
[Round "-"]
[White "OceanFloater"]
[Black "jagbama"]
[Result "1-0"]
[WhiteElo "972"]
[BlackElo "1113"]
[TimeControl "300"]
[EndTime "11:34:26 PDT"]
[Termination "OceanFloater won by resignation"]

1. e4 e5 2. Nf3 Nc6 3. Bc4 Bc5 4. d3 h6 5. Nc3 Nf6 6. O-O Nd4 7.
Nxd4 Bxd4 8. Nd5 c6 9. Nxf6+ Qxf6 10. c3 Bb6 11. Re1 d6 12. Be3 g5 13. Bxb6 axb6 14. a3 h5 15. h3 g4 16. Re3 gxh3 17. Rxh3 Bxh3 18. gxh3 Rg8+ 19. Kh2 Qf4+ 20. Kh1 Qh4 21. Qf3 Ke7 22. Qxf7+ Kd8 23. Qxg8+ 1-0

[Event "Live Chess"]
[Site "Chess.com"]
[Date "2023.05.20"]
[Round "-"]
[White "Mikhail_Golubev"]
[Black "chessfiction"]
[Result "0-1"]
[WhiteElo "2518"]
[BlackElo "2412"]
[TimeControl "300"]
[EndTime "11:34:29 PDT"]
[Termination "chessfiction won by checkmate"]

1. e4 e6 2. d4 d5 3. Nc3 Bb4 4. exd5 exd5 5. Bd3 Ne7 6. a3 Bd6 7. Qh5 Nbc6 8. Nf3 Be6 9. O-O Qd7 10. Ng5 Nxd4 11.
Nxe6 Nxe6 12. f4 g6 13. Qf3 c6 14. f5 Nd4 15. Qe3 Nxf5 16. Bxf5 gxf5 17. Kh1 O-O-O 18. Qxa7 Bb8 19. Qa8 Ng6 20. Na4 Qc7 21. g3 h5 22.
Bf4 Nxf4 23. Rxf4 h4 24. Rb4 b5 25. Nc5 Rdg8 26. Kg2 Rxg3+ 27. hxg3 Qxg3+ 28. Kf1 Qf3+ 29. Ke1 Re8+ 30. Re4 Rxe4+ 31. Nxe4 Qxe4+ 32. Kd2 Qf4+ 33. Ke2 Qh2+ 34. Kd3 Qg3+ 35. Kd2 Qf2+ 36. Kd3 Qg3+ 37. Kd2 Kd7 38. Qb7+ Kd8 39. Qxc6 Bf4+ 40. Kd1 Qg1+ 41. Ke2 Qg2+ 42. Ke1 Qd2+ 43. Kf1 h3 44. Re1 Qg2# 0-1

[Event "Live Chess"]
[Site "Chess.com"]
[Date "2023.05.20"]
[Round "-"]
[White "domrobson"]
[Black "minenko-1958"]
[Result "1/2-1/2"]
[WhiteElo "1751"]
[BlackElo "1424"]
[TimeControl "300"]
[EndTime "11:34:37 PDT"]
[Termination "Game drawn - insufficient material"]

1. d4 d5 2. c4 dxc4 3. Nf3 Nd7 4. Nc3 Nb6 5. e4 Bg4 6. Be3 Bxf3 7. Qxf3 e6 8. d5 exd5 9. Bxb6 axb6 10. exd5 Bd6 11. Bxc4 Ne7 12. Kf1 O-O 13. g3 Ng6 14. Qe2 Re8 15. Qc2 Qf6 16. Kg2 Bc5 17. Rhf1 Ne5 18. Be2 c6 19. dxc6 bxc6 20. Rae1 Ng6 21. Ne4 Qe7 22.
Nxc5 Qxc5 23. Qxc5 bxc5 24. Bc4 Rxe1 25. Rxe1 h6 26. Re2 Kf8 27. f4 Ne7 28. Rd2 Nd5 29. Bxd5 cxd5 30. Rxd5 Rxa2 31. Rxc5 g6 32. Rb5 Ke7 33. h4 h5 34. Kf3 Ra1 35. b4 Ra3+ 36. Kg2 Rb3 37. Rb7+ Ke6 38. b5 Kf6 39. b6 Rb2+ 40.
Kh3 Rb3 41. Rb8 Kf5 42. b7 f6 43. Kg2 Rb2+ 44. Kf1 Kg4 45. Rg8 Rxb7 46. Rxg6+ Kf3 47. Ke1 f5 48. Rg5 Rb2 49. Kd1 Rh2 50. Rxh5 Kxg3 51. Rxf5 Rxh4 52. Rf8 Rxf4 53. Rg8+ Kf3 54. Kd2 Ra4 55.
Rf8+ Kg4 56. Rb8 Ra3 57. Kc2 Kf4 58. Rb4+ Ke5 59. Rh4 Rg3 60. Rh5+ Kd4 61. Ra5 Kc4 62. Ra4+ Kb5 63. Ra8 Kc4 64. Rc8+ Kb4 65. Kd2 Rg2+ 66. Ke3 Rg3+ 67. Kf4 Rg1 68. Ke4 Re1+ 69. Kd3 Rd1+ 70. Ke2 Ra1 71. Rb8+ Kc4 72. Rc8+ Kd4 73. Rd8+ Ke4 74.
Re8+ Kf5 75. Rf8+ Ke6 76. Rf1 Rxf1 77. Kxf1 1/2-1/2

[Event "Live Chess"]
[Site "Chess.com"]
[Date "2023.05.20"]
[Round "-"]
[White "Jeffaroow"]
[Black "Lewstar1"]
[Result "1-0"]
[WhiteElo "468"]
[BlackElo "442"]
[TimeControl "300"]
[EndTime "11:34:43 PDT"]
[Termination "Jeffaroow won by checkmate"]

1. e4 e5 2. Nf3 Nc6 3. d4 d6 4.
dxe5 Nxe5 5. Nxe5 dxe5 6. Nc3 Qxd1+ 7. Nxd1 Nf6 8. Bd3 Bb4+ 9. c3 Bc5 10. O-O h5 11. Be3 Bxe3 12. Nxe3 g5 13. f3 g4 14. fxg4 hxg4 15. Rxf6 Be6 16. h3 gxh3 17. Raf1 Rg8 18. R1f2 Bxa2 19. Nd5 Bxd5 20. exd5 O-O-O 21. Rxf7 Rxd5 22.
Bf5+ Kd8 23. Be4 Rd1+ 24. Rf1 Rxg2+ 25. Bxg2 hxg2 26. Kxg2 Rd2+ 27. Kg1 Rxb2 28. R1f5 Re2 29. Rf8+ Ke7 30. R8f7+ Ke6 31. Rf2 Re3 32. Rxc7 Rg3+ 33. Kf1 a5 34. Rxb7 Rxc3 35. Rb6+ Kd5 36. Rd2+ Ke4 37. Re2+ Kf3 38. Rf6+ Kg4 39. Rg2+ Rg3 40. Rxg3+ Kxg3 41. Rf5 a4 42. Rxe5 a3 43. Ra5 Kh2 44. Rxa3 Kh1 45. Rh3# 1-0

[Event "Live Chess"]
[Site "Chess.com"]
[Date "2023.05.20"]
[Round "-"]
[White "VovaOvchar1990"]
[Black "birdseed45"]
[Result "0-1"]
[WhiteElo "1202"]
[BlackElo "1872"]
[TimeControl "300"]
[EndTime "11:34:50 PDT"]
[Termination "birdseed45 won on time"]

1. e4 c5 2. Bc4 Nc6 3. Nf3 e6 4. Nc3 Nf6 5. O-O Be7 6. h3 d5 7. exd5 exd5 8. Bb5 O-O 9. Bxc6 bxc6 10. d3 d4 11. Ne2 h6 12. Ng3 Bd6 13. Bd2 Qc7 14.
Nh1 Nd5 15. c4 Nf4 16. Bxf4 Bxf4 17. b3 Bf5 18. Nh4 Bh7 19. g3 Bd6 20. f4 Rfe8 21.
Kg2 Re3 22. Rf3 Rae8 23. Rxe3 Rxe3 24. Nf2 Qe7 25. Qe1 Rxe1 0-1

[Event "Live Chess"]
[Site "Chess.com"]
[Date "2023.05.20"]
[Round "-"]
[White "TDCMF"]
[Black "matt1979"]
[Result "0-1"]
[WhiteElo "362"]
[BlackElo "1453"]
[TimeControl "300"]
[EndTime "11:34:53 PDT"]
[Termination "matt1979 won by checkmate"]

1. e4 c5 2. d4 cxd4 3. Qxd4 Nc6 4. Qc5 d6 5. Qc4 Nf6 6. e5 Nxe5 7. Qd4 Qc7 8. Bf4 Nc6 9. Qc3 Bf5 10. Bc4 e6 11.
Nf3 Be7 12. Nbd2 O-O 13. O-O-O e5 14. Nxe5 dxe5 15. Bxe5 Qxe5 16. Qxe5 Nxe5 17. Bd3 Nxd3+ 18. cxd3 Bxd3 19. Rhe1 Rac8+ 20. Nc4 Rxc4+ 21. Kd2 Rc7 22. Kxd3 Rd8+ 23. Ke2 Rxd1 24. Rxd1 Rd7 25. Rc1 h6 26.
Rc8+ Kh7 27. Rb8 Nd5 28. Rxb7 Rxb7 29. b3 a5 30. Kd3 Nb4+ 31. Kc4 Nxa2 32. b4 axb4 33. Kb3 Nc1+ 34. Kc2 b3+ 35. Kxc1 b2+ 36. Kb1 Bf6 37. f3 Ra7 38. g4 Ra1+ 39. Kc2 b1=Q+ 40.
Kd2 Qb3 41. Ke2 Ra2+ 42. Kf1 Qb1# 0-1

[Event "Live Chess"]
[Site "Chess.com"]
[Date "2023.05.20"]
[Round "-"]
[White "apl_trainer"]
[Black "OSmith06"]
[Result "1-0"]
[WhiteElo "1649"]
[BlackElo "1713"]
[TimeControl "300"]
[EndTime "11:34:55 PDT"]
[Termination "apl_trainer won by checkmate"]

1. d4 Nf6 2. c4 e6 3. Nc3 Bb4 4. a3 Bxc3+ 5. bxc3 c5 6. e3 O-O 7. Bd3 d5 8. cxd5 exd5 9. Ne2 cxd4 10. cxd4 Ne4 11. O-O Nc6 12. f3 Nf6 13. Bb2 Re8 14.
Qd2 Qe7 15. Bc1 a6 16. Ng3 Bd7 17. Qf2 Rac8 18. e4 dxe4 19. fxe4 Ng4 20. Qf4 Nxd4 21.
Bb2 Nb3 22. h3 Nxa1 23. hxg4 Nb3 24. Nh5 g6 25. Nf6+ Kf8 26. Qh6# 1-0

[Event "Live Chess"]
[Site "Chess.com"]
[Date "2023.05.20"]
[Round "-"]
[White "1600x"]
[Black "booktrunk"]
[Result "1-0"]
[WhiteElo "1568"]
[BlackElo "1331"]
[TimeControl "300"]
[EndTime "11:34:59 PDT"]
[Termination "1600x won by resignation"]

1. d4 d5 2. e3 Bf5 3. c4 Nf6 4. Nf3 e6 5. Nc3 dxc4 6. Bxc4 a6 7. Nh4 Bg4 8. f3 Bh5 9. O-O Nfd7 10. g3 g5 11. Ng2 Bg6 12. e4 Nb6 13. Bb3 Be7 14. f4 gxf4 15. Nxf4 Nc6 16. Be3 Nc4 17. Bxc4 Qd7 18.
d5 exd5 19. exd5 Ne5 20. Qd4 f6 21. Bb3 b6 22. Ne6 Bc5 23. Qf4 Bxe3+ 24. Qxe3 Ng4 25.
Qf4 h5 26. d6 Qxd6 27. Nxc7+ Kd7 28. Rad1 Ne5 29. Qxf6 Qd4+ 30. Rxd4+ Kxc7 31. Qxe5+ 1-0

[Event "Live Chess"]
[Site "Chess.com"]
[Date "2023.05.20"]
[Round "-"]
[White "garyjc"]
[Black "thrithik"]
[Result "1-0"]
[WhiteElo "1036"]
[BlackElo "465"]
[TimeControl "300"]
[EndTime "11:35:02 PDT"]
[Termination "garyjc won by checkmate"]

1. e4 h6 2. d4 Nf6 3. e5 Ne4 4. Bd3 Nc5 5. Be2 Ne4 6. c3 Nxc3 7. bxc3 Nc6 8. Nf3 Na5 9. O-O c6 10. Bd2 d6 11. c4 b5 12. exd6 exd6 13. c5 dxc5 14.
dxc5 Bxc5 15. Re1 Bd4 16. Bd3+ Kf8 17. Nc3 Nb3 18. Qxb3 Bxf2+ 19. Kxf2 Qh4+ 20. Nxh4 g5 21. Qb4+ c5 22. Qxc5+ Kg8 23. Re8+ Kg7 24. Nf5+ Kh7 25. Rxh8+ Kxh8 26. Qf8+ Kh7 27. Qg7# 1-0

[Event "Live Chess"]
[Site "Chess.com"]
[Date "2023.05.20"]
[Round "-"]
[White "ReeceHockton"]
[Black "EdenHazard8"]
[Result "0-1"]
[WhiteElo "323"]
[BlackElo "2091"]
[TimeControl "300"]
[EndTime "11:35:06 PDT"]
[Termination "EdenHazard8 won by checkmate"]

1. d4 e5 2. Nf3 e4 3. Ne5 Nh6 4. f4 d6 5. Nc4 Nf5 6. e3 Qh4+ 7.
g3 Nxg3 8. hxg3 Qxh1 9. Qe2 Bh3 10. Bd2 h5 11. Nc3 c6 12. Nxe4 Qxe4 13. Nxd6+ Bxd6 14. Bxh3 h4 15. Bg4 h3 16. Bf3 Qh7 17. O-O-O h2 18. Bh1 Qh3 19. Bg2 Qxg3 20. Be1 Qg6 21. Qf2 h1=Q 22. Bxh1 Rxh1 23. Qg3 Qxg3 24. Bxg3 Rxd1+ 25. Kxd1 Nd7 26. c3 Nf6 27. Bh4 Ne4 28. Bg5 Nxg5 29. fxg5 f6 30. gxf6 g5 31. Ke2 g4 32. Kf2 g3+ 33.
Kf3 Kf7 34. e4 Rg8 35. e5 g2 36. exd6 g1=Q 37. d7 Rg3+ 38. Ke4 Qe3+ 39. Kf5 Rg5# 0-1

[Event "Live Chess"]
[Site "Chess.com"]
[Date "2023.05.20"]
[Round "-"]
[White "rideuv21"]
[Black "manthanit"]
[Result "1-0"]
[WhiteElo "1835"]
[BlackElo "952"]
[TimeControl "300"]
[EndTime "11:35:07 PDT"]
[Termination "rideuv21 won by checkmate"]

1. e4 Nf6 2. e5 Ne4 3. Bc4 d6 4.
Bxf7+ Kxf7 5. Qf3+ Nf6 6. exf6 exf6 7. d4 Be7 8. Nc3 Re8 9. Be3 Kg8 10. O-O-O Bf8 11.
Nge2 Nc6 12. h4 Bd7 13. h5 Bf5 14. h6 g6 15. g4 Bd7 16. Nd5 Re6 17. Nef4 Re8 18.
Nh5 Be7 19. Nhxf6+ Bxf6 20. Nxf6+ Kh8 21. Nxe8 Qxe8 22.
Qf6+ Kg8 23. Qg7# 1-0

[Event "Live Chess"]
[Site "Chess.com"]
[Date "2023.05.20"]
[Round "-"]
[White "chessfiction"]
[Black "risinghelios"]
[Result "1-0"]
[WhiteElo "2413"]
[BlackElo "1941"]
[TimeControl "300"]
[EndTime "11:35:09 PDT"]
[Termination "chessfiction won by resignation"]

1. e4 c5 2. Nf3 Nc6 3. d4 cxd4 4. c3 g6 5. cxd4 d5 6. exd5 Qxd5 7. Nc3 Qd8 8. d5 Nb8 9. h4 Bg4 10. Qa4+ Nd7 11. Qxg4 1-0

[Event "Live Chess"]
[Site "Chess.com"]
[Date "2023.05.20"]
[Round "-"]
[White "xx_blindpuffin_xx"]
[Black "JoeyCage"]
[Result "1/2-1/2"]
[WhiteElo "2196"]
[BlackElo "2316"]
[TimeControl "300"]
[EndTime "11:35:10 PDT"]
[Termination "Game drawn - timeout vs insufficient material"]

1. d4 g6 2. Bf4 Bg7 3. e3 c5 4. c3 Qb6 5. Qc1 Nc6 6. Nf3 d6 7.
Nbd2 e5 8. dxe5 dxe5 9. Bg3 Nge7 10. Bc4 Nf5 11. O-O Nxg3 12. hxg3 O-O 13. a4 Qc7 14. Rd1 b6 15. Bd5 Bb7 16. Nc4 Rad8 17. e4 h6 18. Qc2 a6 19. Rd2 b5 20. axb5 axb5 21. Ne3 Bc8 22. b4 Ne7 23. Ra5 Qb6 24. Qa2 Nxd5 25. Nxd5 Qb8 26. bxc5 Be6 27. c6 Bxd5 28. exd5 e4 29. Nd4 b4 30. Rb2 Bxd4 31. cxd4 Qb6 32.
Qa4 Qxd4 33. Rxb4 Qd2 34. Rd4 Qe1+ 35. Kh2 Qxf2 36. Rxe4 Qf5 37. Rd4 Qh5+ 38. Rh4 Qe5 39. Qc4 h5 40. Rc5 Rc8 41. Re4 Qd6 42. Rd4 Rfd8 43. c7 Rd7 44. Rc6 Rdxc7 45. Rxd6 Rxc4 46. Rxc4 Rxc4 47. Rd8+ Kg7 48. d6 Rd4 49. Kh3 Kf6 50. d7 Ke7 51. Rg8 Rxd7 52. Kh4 Kf6 53. Ra8 Rd4+ 54. Kh3 Rd3 55. Ra6+ Kg5 56. Ra7 f5 57. Ra4 Re3 58. Rb4 Re4 59. Rb5 h4 60. gxh4+ Rxh4+ 61.
Kg3 Rc4 62. Kf2 Kg4 63. Rb6 g5 64. Rb3 Rc2+ 65. Kg1 f4 66. Rf3 Kh4 67. Rf1 Kg3 68. Rf3+ Kg4 69. Rf1 Rd2 70. Rb1 Rd3 71. Kh2 Rd2 72.
Rb8 f3 73. Rb4+ Kh5 74. Kg3 fxg2 75. Rb1 Rc2 76. Rg1 Ra2 77. Kh2 Kh4 78. Rxg2 Rxg2+ 79. Kxg2 Kg4 80. Kh2 Kf3 81. Kg1 Kg3 82. Kf1 Kh2 83. Kf2 g4 84. Ke3 g3 85. Kf4 g2 86. Kf5 g1=Q 87. Ke6 Qe3+ 88. Kd5 Kg3 89. Kc4 Kf4 90. Kb4 Qd2+ 91. Kb3 Ke5 92. Kc4 1/2-1/2

[Event "Live Chess"]
[Site "Chess.com"]
[Date "2023.05.20"]
[Round "-"]
[White "Ninifu"]
[Black "McSlash1"]
[Result "0-1"]
[WhiteElo "1984"]
[BlackElo "2060"]
[TimeControl "300"]
[EndTime "11:35:13 PDT"]
[Termination "McSlash1 won on time"]

1. d4 Nf6 2. c4 g6 3. Nc3 d5 4. Nf3 Bg7 5. cxd5 Nxd5 6. e4 Nxc3 7. bxc3 O-O 8. Be2 Bg4 9. O-O c5 10. Rb1 b6 11. e5 Nc6 12. Bf4 Bf5 13. Rc1 cxd4 14.
cxd4 Na5 15. d5 Rc8 16. Rxc8 Qxc8 17. d6 exd6 18. exd6 Rd8 19. Qd2 Qe6 20. Ng5 Qf6 21.
g4 Bd7 22. Ne4 Qh4 23. Bg3 Qh3 24.
Ng5 Qh6 25. Qd5 Rf8 26. h4 Bc6 27. Qd3 Bf6 28. Nf3 Qg7 29. g5 Bd8 30. Be5 f6 31.
Bb2 Qf7 0-1